 Dungeon Crawl Stone Soup version 0.29-a0-876-gfc89b1a5bd (webtiles) character file.

Game seed: 9899241163227906410

46 RevDB the Trooper (level 3, 44/44 HPs)
             Began as an Ogre Berserker on July 19, 2022.
             Was a Believer of Trog.
             Quit the game on level 2 of the Dungeon.
             The game lasted 00:08:10 (1322 turns).

RevDB the Trooper (Ogre Berserker)                  Turns: 1322, Time: 00:08:11

Health: 44/44      AC:  3    Str: 23    XL:     3   Next: 66%
Magic:  3/3        EV: 10    Int:  8    God:    Trog [**....]
Gold:   50         SH:  0    Dex:  8    Spells: 2/2 levels left

rFire   . . .      SeeInvis .   a - +0 mace
rCold   . . .      Faith    .   (no shield)
rNeg    . . .      Spirit   .   b - +0 animal skin
rPois   .          Reflect  .   (helmet restricted)
rElec   .          Harm     .   (no cloak)
rCorr   .          Rampage  .   (gloves unavailable)
Will    .....                   (boots unavailable)
Stlth   +.........              (no amulet)
HPRegen 0.14/turn               (no ring)
MPRegen 0.08/turn               (no ring)

@: no status effects
A: large, unfitting armour, tough skin 1
a: Renounce Religion, Berserk, Trog's Hand


You were on level 2 of the Dungeon.
You worshipped Trog.
Trog was pleased with you.
You visited 1 branch of the dungeon, and saw 2 of its levels.

You collected 50 gold pieces.

Inventory:

Hand Weapons
 a - a +0 mace (weapon)
Missiles
 d - 10 stones (quivered)
Armour
 b - a +0 animal skin (worn)
Scrolls
 c - a scroll of identify {unknown}
 e - 2 scrolls of teleportation {unknown}
 f - a scroll of amnesia {unknown}
 h - 2 scrolls of fog {unknown}
 j - a scroll of immolation {unknown}
 k - a scroll of enchant armour {unknown}
Potions
 g - 2 potions of attraction {unknown}
 i - 2 potions of curing {unknown}


   Skills:
 + Level 5.7 Fighting
 - Level 3.0 Maces & Flails
 - Level 2.6 Dodging


You had 2 spell levels left.
You didn't know any spells.
Your spell library was empty.

Dungeon Overview and Level Annotations

Branches:
Dungeon (2/15)

Altars:


Innate Abilities, Weirdness & Mutations

You are too large for most types of armour.
You have tough skin. (AC +1)


Message History

The frilled lizard hisses angrily.
You sock the ball python!
You kill the ball python!
Trog accepts your kill.
You closely miss the frilled lizard. The frilled lizard bites you.
The frilled lizard barely misses you.
You hit the frilled lizard.
The frilled lizard is heavily wounded.
The frilled lizard barely misses you.
You closely miss the frilled lizard.
The frilled lizard is heavily wounded.
The frilled lizard bites you but does no damage.
You miss the frilled lizard.
The frilled lizard is heavily wounded.
The frilled lizard barely misses you.
You hit the frilled lizard but do no damage.
The frilled lizard is heavily wounded.
The frilled lizard bites you but does no damage. x2
You miss the frilled lizard.
The frilled lizard is heavily wounded.
The frilled lizard bites you.
You sock the frilled lizard!
You kill the frilled lizard!
Trog accepts your kill.
You see here a ball python corpse.
You now have 42 gold pieces (gained 3).
Found a stone staircase leading up.
A goblin comes into view. It is wielding a +0 club.
Found 14 gold pieces.
You closely miss the goblin. The goblin hits you but does no damage.
You sock the goblin!
You kill the goblin!
Trog accepts your kill.
Things that are here:
a +0 club; a goblin corpse You now have 50 gold pieces (gained 8).
Things that are here:
a +0 club; a goblin corpse Unknown command.
Are you sure you want to abandon this character and quit the game? (Confirm with "yes".)

.. #. #$# ##.# # ..#
.# #.##.# #....#
##.@################
#.<..)..............
##..#####.##########
##.# #.# #### #.#
#.. .....#
#.########### #..
#...........# ###
###########.#
#.######


There were no monsters in sight!

Vanquished Creatures
  4 dart slugs
  5 ball pythons
  A bat (D:1)
  An endoplasm (D:1)
  3 giant cockroaches (D:1)
  4 goblins
  4 hobgoblins
  A jackal (D:1)
  2 kobolds (D:1)
  3 quokkas
  3 frilled lizards
  3 rats (D:1)
34 creatures vanquished.

Notes
Turn   | Place    | Note
-------+----------+-------------------------------------------
     0 | D:1      | RevDB the Ogre Berserker began the quest for the Orb.
     0 | D:1      | Reached XP level 1. HP: 24/24 MP: 1/1
    41 | D:1      | Reached XP level 2. HP: 16/33 MP: 2/2
   374 | D:1      | Reached skill level 5 in Fighting
   543 | D:1      | Reached XP level 3. HP: 26/42 MP: 3/3
   824 | D:1      | Reached ** piety under Trog
  1197 | D:2      | Found a faded altar of an unknown god.
  1322 | D:2      | Quit the game

Illustrated notes

Levels and vault maps discovered:
D:1:      shiori_arrival_maze, layout_basic, minmay_misc_feat_cross,
          minmay_pentomino_o4
D:2:      layout_loops_ring, shapermc_ecumenical_altar_pompeii,
          amcnicky_mini_corridor_feature

Skill      XL: |  1  2 |
---------------+-------+-----
Maces & Flails | 3 |  3.0
Fighting       | 5 |  5.7
Dodging        | |  2.6

Action                   || total
-------------------------++-------
Melee: Mace              ||   117
Armor: Animal skin       ||    29
Dodge: Dodged            ||    60

Table legend: (Time is in decaauts)
 A = Elapsed time spent in this place.
 B = Non-inter-level travel time spent in this place.
 C = Inter-level travel time spent in this place.
 D = Time resting spent in this place.
 E = Time spent auto-exploring this place.
 F = Levels seen in this place.
 G = Mean time per level.
                   A        B        C        D        E       F      G
               +--------+--------+--------+--------+--------+-----+--------+
         Total |   1350 |   1350 |      0 |    282 |    156 |   2 |  675.0 |
       Dungeon |   1350 |   1350 |      0 |    282 |    156 |   2 |  675.0 |
               +--------+--------+--------+--------+--------+-----+--------+

Top non-repeatable levels by time:
     D:1: 1150 daAuts
     D:2: 200 daAuts
